 Dungeon Crawl Stone Soup version 0.21.0-3-g78d12a8 (webtiles) character file.

585 imganon the Chopper (level 7, 0/78 HPs)
             Began as a Demonspawn Berserker on Jan 8, 2018.
             Was a Priest of Trog.
             Succumbed to baljet's ghost's poison
             ... on level 4 of the Dungeon.
             The game lasted 00:04:59 (2883 turns).

imganon the Chopper (Demonspawn Berserker)          Turns: 2883, Time: 00:04:59

Health: 0/78       AC: 13    Str: 27    XL:     7   Next: 14%
Magic:  4/7        EV: 13    Int:  8    God:    Trog [***...]
Gold:   131        SH:  0    Dex: 17    Spells: 6/6 levels left

rFire    + . .     SeeInvis .   s - +0 war axe (elec)
rCold    . . .     Gourm    .   (no shield)
rNeg     . . .     Faith    .   k - +0 plate armour
rPois    .         Spirit   +   (no helmet)
rElec    .         Reflect  .   (no cloak)
rCorr    .         Harm     .   o - +2 pair of gloves {Dex+3}
MR       .....                  (no boots)
Stlth    ..........             (no amulet)
HPRegen  0.23/turn              e - +5 ring of evasion
MPRegen  0.10/turn              u - +2 ring of strength

@: berserking, lethally poisoned (0 -> -54), very quick
A: claws 1, thin skeletal structure 1, fire resistance 1, magic shield
a: Berserk, Trog's Hand, Burn Spellbooks, Renounce Religion


You were on level 4 of the Dungeon.
You worshipped Trog.
Trog was most pleased with you.
You were hungry.

You visited 1 branch of the dungeon, and saw 4 of its levels.

You collected 131 gold pieces.

Inventory:

Hand Weapons
 a - a +0 hand axe
 s - a +0 war axe of electrocution (weapon)
Armour
 k - a +0 plate armour (worn)
 o - a +2 pair of gloves of dexterity (worn)
Jewellery
 e - a +5 ring of evasion (left hand)
 u - a +2 ring of strength (right hand)
Wands
 t - a wand of paralysis (11)
Scrolls
 b - 6 scrolls of identify {unknown}
 f - a scroll of magic mapping {unknown}
 j - a scroll of immolation {unknown}
 l - 2 scrolls of enchant weapon {unknown}
 m - 2 scrolls of remove curse {unknown}
 p - a scroll of enchant armour {unknown}
 r - a scroll of teleportation {unknown}
Potions
 d - a potion of lignification {unknown}
 g - 3 potions of degeneration {unknown}
 h - a potion of agility {unknown}
 i - a potion of magic {unknown}
 n - a potion of curing {unknown}
 q - a potion of mutation {unknown}
Comestibles
 c - 8 rations
 v - a chunk of flesh


   Skills:
 - Level 3.0 Fighting
 + Level 7.6 Axes
 - Level 1.7 Armour
 - Level 1.7 Dodging


You had 6 spell levels left.
You didn't know any spells.

Dungeon Overview and Level Annotations

Branches:
Dungeon (4/15)
 Temple: D:4-7

Altars:
Okawaru
Trog
Wu Jian

Annotations:
D:4 baljet's ghost, amateur GnSk


Innate Abilities, Weirdness & Mutations

You have sharp fingernails.
You have a somewhat thin skeletal structure. (Dex +2, Stealth)
Your flesh is heat resistant. (rF+)
When hurt, damage is shared between your health and your magic reserves.


Message History

You feel very sick.
Baljet's ghost keens inconsolably.
Baljet's ghost hits you.
* * * LOW HITPOINT WARNING * * *
You are more poisoned.
You closely miss baljet's ghost.
Baljet's ghost is almost destroyed.
* * * LOW HITPOINT WARNING * * *
You feel very sick.
Unknown command.
You closely miss baljet's ghost.
Baljet's ghost is almost destroyed.
* * * LOW HITPOINT WARNING * * *
You feel very sick. Baljet's ghost barely misses you.
Unknown command.
Unknown command.
You closely miss baljet's ghost.
Baljet's ghost is almost destroyed.
You die...

.............#............#
.............#............#
.............#..<.........#
...(.........#...)........#
..........†..#...)........#
.............#.)..........#
##########'###............#
..................###+#....
................@.# ...
................W.# ..
..................#
.........^...)....#
..................#
.........<........#
..................#
#######+####'######
.........#........#


You could see baljet's ghost.

Vanquished Creatures
  Sigmund (D:3)
  A hound (D:4)
  3 orc wizards (D:4)
  Natasha (thrice) (D:3)
  2 worker ants (D:4)
  3 gnolls (D:3)
  7 adders
  An ooze (D:2)
  3 worms
  A dart slug (D:3)
  15 orcs
  2 ball pythons
  6 bats
  4 giant cockroaches
  4 goblins
  7 hobgoblins
  9 jackals
  3 frilled lizards
  8 kobolds
  2 rats
85 creatures vanquished.

Notes
Turn   | Place    | Note
-------+----------+-------------------------------------------
     0 | D:1      | imganon the Demonspawn Berserker began the quest for the Orb.
     0 | D:1      | Reached XP level 1. HP: 18/18 MP: 1/1
    43 | D:1      | Reached skill level 3 in Axes
   930 | D:1      | Gained mutation: When hurt, damage is shared between your health and your magic reserves. [demonic ancestry]
   930 | D:1      | Reached XP level 2. HP: 24/24 MP: 2/2
  1156 | D:2      | Found a faded altar of an unknown god.
  1268 | D:2      | Gained mutation: You have sharp fingernails. [demonic ancestry]
  1268 | D:2      | Reached XP level 3. HP: 21/29 MP: 3/3
  1387 | D:2      | Reached skill level 4 in Axes
  1554 | D:2      | Reached XP level 4. HP: 28/35 MP: 4/4
  1688 | D:3      | Found an iron altar of Okawaru.
  1693 | D:3      | Noticed Natasha
  1698 | D:3      | Reached ** piety under Trog
  1700 | D:3      | Reached skill level 5 in Axes
  1702 | D:3      | Killed Natasha
  1703 | D:3      | Reached XP level 5. HP: 41/41 MP: 3/5
  1709 | D:3      | Noticed Natasha
  1719 | D:3      | Killed Natasha
  2103 | D:3      | Noticed Natasha
  2140 | D:3      | Killed Natasha
  2196 | D:3      | Found a bloodstained altar of Trog.
  2225 | D:3      | Reached skill level 6 in Axes
  2328 | D:3      | Noticed Sigmund
  2355 | D:3      | Killed Sigmund
  2355 | D:3      | Gained mutation: Your flesh is heat resistant. (rF+) [demonic ancestry]
  2355 | D:3      | Reached XP level 6. HP: 41/47 MP: 6/6
  2501 | D:4      | Reached *** piety under Trog
  2501 | D:4      | Reached skill level 7 in Axes
  2692 | D:4      | Found an ornate altar of the Wu Jian Council.
  2845 | D:4      | Gained mutation: You have a somewhat thin skeletal structure. (Dex +2, Stealth) [demonic ancestry]
  2845 | D:4      | Reached XP level 7. HP: 52/52 MP: 7/7
  2865 | D:4      | Noticed baljet's ghost (amateur GnSk)
  2883 | D:4      | Succumbed to baljet's ghost's poison

Skill      XL: |  1  2  3  4  5  6 |
---------------+-------------------+-----
Axes           | 3 4 5 6 7 |  7.6
Fighting       | |  3.0
Armour         | |  1.7
Dodging        | |  1.7

Action                   |  1- 3 |  4- 6 |  7- 9 || total
-------------------------+-------+-------+-------++-------
Melee: Hand axe          |   120 |   180 |       ||   300
       War axe           |       |    27 |    23 ||    50
Invok: Berserk           |       |     1 |     1 ||     2
  Eat: Chunk             |     2 |     5 |     1 ||     8
Armor: Animal skin       |    12 |       |       ||    12
       Ring mail         |    21 |    22 |       ||    43
       Plate armour      |       |    69 |    10 ||    79
Dodge: Dodged            |   126 |   176 |    11 ||   313
